 Dungeon Crawl Stone Soup version 0.30-a0-772-g5528072125 (webtiles) character file.

Game seed: 10271728756834918612

5140 Crownlay the Grappler (level 10, -6/96 HPs)
             Began as a Troll Berserker on Feb 12, 2023.
             Was a High Priest of Trog.
             Mangled by a seven-headed hydra (12 damage)
             ... on level 10 of the Dungeon.
             The game lasted 00:12:16 (6651 turns).

Crownlay the Grappler (Troll Berserker)             Turns: 6651, Time: 00:12:16

Health: -6/96      AC:  8    Str: 43    XL:     10   Next: 33%
Magic:  9/9        EV:  8    Int:  3    God:    Trog [*****.]
Gold:   447        SH: 10    Dex:  9    Spells: 9/9 levels left

rFire   . . .      SeeInvis .      - Unarmed
rCold   . . .      Faith    .    H - +3 kite shield
rNeg    . . .      Spirit   .    J - +0 acid dragon scales
rPois   .          Reflect  .    (helmet restricted)
rElec   .          Harm     .    (no cloak)
rCorr   +          Rampage  .    (gloves unavailable)
Will    .....                    (boots unavailable)
Stlth   +                        (no amulet)
HPRegen 1.16/turn                x - +6 ring of strength
MPRegen 0.11/turn                j - +6 ring of strength

@: no status effects
A: large, unfitting armour, claws 3, regeneration 1, shaggy fur 1, tough skin 1
a: Renounce Religion, Berserk, Trog's Hand, Brothers in Arms


You were on level 10 of the Dungeon.
You worshipped Trog.
Trog was extremely pleased with you.
You visited 1 branch of the dungeon, and saw 10 of its levels.

You collected 447 gold pieces.

Inventory:

Armour
 H - a +3 kite shield (worn)
 J - +0 acid dragon scales (worn)
Jewellery
 h - a +5 ring of evasion
 j - a +6 ring of strength (right claw)
 l - a ring of ice
 x - a +6 ring of strength (left claw)
 B - a ring of flight
Wands
 n - a wand of paralysis (3)
 I - a wand of polymorph (8)
Scrolls
 a - a scroll of magic mapping {unknown}
 b - a scroll of fear {unknown}
 d - 2 scrolls of vulnerability
 f - 2 scrolls of enchant armour
 g - 6 scrolls of teleportation
 i - a scroll of brand weapon {unknown}
 r - 2 scrolls of silence
 s - 3 scrolls of poison
 w - a scroll of amnesia {unknown}
 y - a scroll of torment {unknown}
 A - a scroll of enchant weapon {unknown}
 F - 3 scrolls of blinking
 G - a scroll of fog {unknown}
Potions
 c - 2 potions of heal wounds
 e - 6 potions of curing
 k - 2 potions of brilliance {unknown}
 m - a potion of berserk rage {unknown}
 o - 3 potions of degeneration {unknown}
 p - 2 potions of mutation {unknown}
 q - a potion of cancellation {unknown}
 t - a potion of might {unknown}
 u - a potion of magic {unknown}
 v - a potion of lignification {unknown}
 z - a potion of flight {unknown}
 C - 2 potions of attraction {unknown}
 D - a potion of haste {unknown}
 E - a potion of ambrosia {unknown}


   Skills:
 * Level 5.0 Fighting
 - Level 6.0 Throwing
 + Level 2.2 Armour
 - Level 2.4 Dodging
 + Level 3.1 Shields
 * Level 12.1 Unarmed Combat


You had 9 spell levels left.
You didn't know any spells.
Your spell library was empty.

Dungeon Overview and Level Annotations

Branches:
Dungeon (10/15)            Temple (0/1) D:4             Orc (0/2) D:9
   Lair: D:8-11

Altars:
Ashenzari
Dithmenos
Hepliaklqana
Kikubaaqudgha
Makhleb
Qazlal
Ru
Sif Muna
Trog
Uskayaw
Wu Jian
Zin

Shops:
D:5 (

Annotations:
D:10 2 runed translucent doors


Innate Abilities, Weirdness & Mutations

You are too large for most types of armour.
You have claws for hands.
Your natural rate of healing is unusually fast.
You are covered in fur. (AC +1)
You have tough skin. (AC +1)


Message History

The seven-headed hydra bites you!
Your two-headed ogre goes berserk!
You block the seven-headed hydra's attack.
The seven-headed hydra bites you but does no damage.
The seven-headed hydra bites you. The seven-headed hydra bites you!
* * * LOW HITPOINT WARNING * * *
You block the seven-headed hydra's attack.
The seven-headed hydra bites you.
* * * LOW HITPOINT WARNING * * *
You block the seven-headed hydra's attack.
The seven-headed hydra attacks as you move away!
The seven-headed hydra bites you.
* * * LOW HITPOINT WARNING * * *
The seven-headed hydra bites you.
* * * LOW HITPOINT WARNING * * *
You block the seven-headed hydra's attack.
The seven-headed hydra bites you but does no damage.
The seven-headed hydra bites you.
* * * LOW HITPOINT WARNING * * *
The seven-headed hydra bites you but does no damage.
The seven-headed hydra bites you.
* * * LOW HITPOINT WARNING * * *
You feel much better.
The seven-headed hydra completely misses you.
The seven-headed hydra barely misses you.
The seven-headed hydra bites you.
* * * LOW HITPOINT WARNING * * *
The seven-headed hydra bites you but does no damage.
The seven-headed hydra barely misses you.
The seven-headed hydra bites you.
* * * LOW HITPOINT WARNING * * *
The seven-headed hydra bites you.
* * * LOW HITPOINT WARNING * * *
The seven-headed hydra attacks as you move away!
You block the seven-headed hydra's attack.
The seven-headed hydra bites you!
* * * LOW HITPOINT WARNING * * *
The seven-headed hydra bites you but does no damage.
The seven-headed hydra bites you!
You die...

# #.# ♣♣ #.#.#♣.
#.#..†♣♣ #.#...†♣
#....♣♣)..#
#...#♣ ♣♣.#
......#.# # #.###
#D# #..####@#
#.....O# #####..#
#..#######
#......... ..
######.........
#..........######
#.########.....#
#..............#


You could see a seven-headed hydra (ally target) and a friendly two-headed ogre
(summoned, berserk).

Vanquished Creatures
  Maggie (D:9)
  A troll (D:10)
  A wraith (D:8)
  2 yaks (D:10)
  Eustachio (D:6)
  A steam dragon (D:9)
  Edmund (D:4)
  An acid dragon (D:9)
  The ghost of NigelTetley the Trooper, an amateur VSFi (D:4)
  4 orc warriors
  2 sky beasts
  2 black bears (D:5)
  6 centaurs
  An ogre (D:7)
  2 phantoms (D:5)
  A bullfrog (D:8)
  A gnoll sergeant (D:7)
  A necrophage (D:6)
  2 scorpions
  9 wights
  4 killer bees
  2 howler monkeys
  A hound (D:6)
  3 jellies (D:5)
  6 orc priests
  A gnoll bouda (D:4)
  Jessica (D:3)
  5 iguanas (D:5)
  Ijyb (D:4)
  12 orc wizards
  9 adders
  13 gnolls
  2 shadow imps
  A white imp (D:6)
  A worm (D:3)
  A dart slug (D:1)
  51 orcs
  6 endoplasms
  2 giant cockroaches
  8 goblins
  6 hobgoblins
  A jackal (D:1)
  4 quokkas
  4 ball pythons
  A bat (D:1)
  6 frilled lizards
  14 kobolds
  9 rats
  A spectral goblin (D:8)
217 creatures vanquished.

Notes
Turn   | Place    | Note
-------+----------+-------------------------------------------
     0 | D:1      | Crownlay the Troll Berserker began the quest for the Orb.
     0 | D:1      | Reached XP level 1. HP: 22/22 MP: 0/0
    82 | D:1      | Reached XP level 2. HP: 29/29 MP: 1/1
   165 | D:1      | Reached skill level 1 in Throwing
   401 | D:1      | Reached ** piety under Trog
   404 | D:1      | Reached XP level 3. HP: 36/36 MP: 2/2
   714 | D:2      | Reached skill level 4 in Unarmed Combat
  1051 | D:2      | Reached XP level 4. HP: 44/44 MP: 3/3
  1405 | D:3      | You fall into a shaft and drop 1 floor!
  1414 | D:3      | Found a shadowy altar of Dithmenos.
  1439 | D:4      | Noticed Ijyb
  1439 | D:4      | Found an ornate altar of the Wu Jian Council.
  1443 | D:4      | Paralysed by Ijyb for 2 turns
  1448 | D:4      | Killed Ijyb
  1474 | D:4      | Reached skill level 5 in Unarmed Combat
  1474 | D:4      | Reached XP level 5. HP: 41/50 MP: 4/4
  1545 | D:4      | Found a runed translucent door.
  1545 | D:4      | Noticed NigelTetley's ghost (amateur VSFi)
  1595 | D:4      | Found a hide-covered altar of Uskayaw.
  1622 | D:4      | Reached *** piety under Trog
  1667 | D:4      | Reached XP level 6. HP: 35/59 MP: 5/5
  1699 | D:4      | Found a burning altar of Makhleb.
  1707 | D:4      | Reached skill level 6 in Unarmed Combat
  1770 | D:4      | Found a staircase to the Ecumenical Temple.
  1979 | D:3      | Noticed Jessica
  1992 | D:3      | Killed Jessica
  2362 | D:4      | Noticed Edmund
  2371 | D:4      | Killed Edmund
  2669 | D:4      | Reached XP level 7. HP: 66/66 MP: 6/6
  2671 | D:4      | Killed NigelTetley's ghost
  2672 | D:4      | Reached skill level 7 in Unarmed Combat
  2691 | D:5      | Entered Level 5 of the Dungeon
  2784 | D:5      | Reached skill level 8 in Unarmed Combat
  2790 | D:5      | Reached XP level 8. HP: 74/74 MP: 7/7
  2856 | D:5      | Found a bloodstained altar of Trog.
  2957 | D:5      | Found Wusk's Weapon Shop.
  3208 | D:5      | Found a stormy altar of Qazlal.
  3305 | D:5      | Reached skill level 5 in Throwing
  3320 | D:5      | Found an ancient bone altar of Kikubaaqudgha.
  3342 | D:5      | Reached skill level 9 in Unarmed Combat
  4152 | D:6      | Found a sacrificial altar of Ru.
  4300 | D:6      | Noticed Eustachio
  4319 | D:6      | Killed Eustachio
  4320 | D:6      | Reached skill level 10 in Unarmed Combat
  4538 | D:7      | Found a shimmering blue altar of Sif Muna.
  4578 | D:7      | Reached XP level 9. HP: 80/80 MP: 8/8
  4701 | D:7      | Found a broken altar of Ashenzari.
  4839 | D:7      | Identified the +1 quarterstaff of Qusar {drain, *Noise Fly
                  | rElec Str+4}
  5067 | D:7      | Found a glowing silver altar of Zin.
  5189 | D:8      | Reached skill level 11 in Unarmed Combat
  5276 | D:8      | Reached **** piety under Trog
  5359 | D:8      | Found a hazy altar of Hepliaklqana.
  5652 | D:9      | Noticed Maggie
  5662 | D:9      | Killed Maggie
  5663 | D:9      | Reached skill level 1 in Shields
  5859 | D:9      | Reached skill level 1 in Armour
  6292 | D:9      | Reached XP level 10. HP: 54/94 MP: 9/9
  6405 | D:9      | Found a staircase to the Orcish Mines.
  6416 | D:9      | Reached ***** piety under Trog
  6474 | D:10     | Entered Level 10 of the Dungeon
  6576 | D:10     | Found a large runed translucent door.
  6577 | D:10     | Found a large runed translucent door.
  6580 | D:10     | Reached skill level 12 in Unarmed Combat
  6635 | D:10     | Noticed a seven-headed hydra
  6637 | D:10     | Reached skill level 5 in Fighting
  6649 | D:10     | HP: 3/96 [seven-headed hydra (2)]
  6651 | D:10     | Mangled by a seven-headed hydra

Illustrated notes

Levels and vault maps discovered:
D:1:      minmay_arrival_four_houses, layout_loops_ring, minmay_circled_x
D:2:      layout_loops_cross, minmay_increasing_density
D:3:      layout_rooms, nicolae_overflow_hidden_temple, uniq_jessica
D:4:      layout_gridville, eat_drink_and_be_merry_uskayaw, old_standard_altar,
          general_overflow_altar, temple_statues, ebering_ghost_sewer_d,
          uniq_edmund, uniq_ijyb
D:5:      layout_loops_corners, mainiacjoe_overflow_alcove_4,
          mainiacjoe_overflow_brackets, grunt_qazlal_sundering, serial_shops,
          nicolae_shop_behind_doors
D:6:      wander_river, layout_loops_cross, mainiacjoe_overflow_alcove_2,
          kennysheep_pointless_box, small_statue_alley_b, uniq_eustachio
D:7:      layout_basic, mainiacjoe_overflow_concentric_impassable,
          mainiacjoe_overflow_surrounded_room, zin_scriptorium
D:8:      layout_cave_pools, nicolae_hepliaklqana_monster_ancestors
D:9:      layout_loops_ring, hiddenorc2_lemuel, uniq_maggie
D:10:     nzn_winding_woodlands_small [nzn_winding_woodlands_5x15_zeroes,
          nzn_winding_woodlands_center_pierced_h,
          nzn_winding_woodlands_5x15_jagged], layout_basic,
          nicolae_gozag_cash_rules_everything_around_me, jmf_multi_god_temple2,
          mainiacjoe_overflow_small_starburst, grunt_lair_entry_orc_guard_hut,
          eino_tiny_chamber

Skill      XL: |  1  2  3  4  5  6  7  8  9 10 |
---------------+-------------------------------+-----
Throwing       | 1 2 3 4 6 |  6.0
Unarmed Combat | 4 5 6 8 10 11 12 | 12.1
Fighting       | 4 5 |  5.0
Shields        | 2 3 |  3.1
Armour         | 1 2 |  2.2
Dodging        | |  2.4

Action                     |  1- 3 |  4- 6 |  7- 9 | 10-12 || total
---------------------------+-------+-------+-------+-------++-------
  Melee: Unarmed           |    93 |   119 |   261 |    81 ||   554
 Invoke: Trog's Hand       |       |     2 |     3 |       ||     5
         Berserk           |       |     3 |     1 |       ||     4
         Brothers in Arms  |       |       |       |     1 ||     1
    Use: Scroll            |       |       |     7 |       ||     7
         Potion            |       |       |       |     1 ||     1
   Stab: Sleeping          |     1 |     1 |       |       ||     2
 Armour: Animal skin       |    33 |    31 |    35 |       ||    99
         Acid dragon scale |       |       |    16 |    34 ||    50
  Dodge: Dodged            |    50 |    62 |    83 |    15 ||   210
  Block: Kite shield       |       |    39 |    81 |    47 ||   167

Table legend: (Time is in decaauts)
 A = Elapsed time spent in this place.
 B = Non-inter-level travel time spent in this place.
 C = Inter-level travel time spent in this place.
 D = Time resting spent in this place.
 E = Time spent auto-exploring this place.
 F = Levels seen in this place.
 G = Mean time per level.
                   A        B        C        D        E       F      G
               +--------+--------+--------+--------+--------+-----+--------+
         Total |   6675 |   6365 |    310 |      0 |   5076 |  10 |  667.5 |
       Dungeon |   6675 |   6365 |    310 |      0 |   5076 |  10 |  667.5 |
               +--------+--------+--------+--------+--------+-----+--------+

Top non-repeatable levels by time:
     D:5: 1029 daAuts
     D:9: 831 daAuts
     D:4: 721 daAuts
     D:6: 708 daAuts
     D:7: 706 daAuts
     D:1: 699 daAuts
     D:3: 650 daAuts
     D:2: 637 daAuts
     D:8: 517 daAuts
    D:10: 173 daAuts
